K2, lawful female human Valkyrie --- ---- ---- --- ----- --.-- |..---..| ---.----- |...| .. ---...| -----...|...---....--.-- |...-- --.. ---.....| --.|....................| --...------.-- ------ ------.......-----------------.......)...............-- --.^...^....| |....| |.........^......................%............@.......| --...--....-- --...| |..--...----------------------...%.........--.|[%.....-- |..----..>.| |...----.^..--- --..........--------)......-- |.-| |-..-| --....|.....|---- |...........| |.........---..| |....-- ----.......|...--- |...........---- --.....%........----.....| |.............| |..............--|.......)...............-- ---...........| --...---<........-|...%....)..........--..-- |...........|--- |....| -----......|--...............(......| ---.........--.-- --...---- --.....--|%%...................-- |......|......| |......-- |.....^.|....................-- -----.----....| |.......| ----...|.....................| --- |..--- |.......| |.*---....................| ---- --...---- |..| --.............---...| --.-- ---- ----.|.|.|.|.-- --.-- --- ----------- --- K2 the Fighter Experience level: 9 Strength: 18/02 Dexterity: 13 Constitution: 18 Intelligence: 10 Wisdom: 10 Charisma: 8 Health: 0(83) Energy: 28(28) Def: 13 Gold: 1135 Moves: 6141 Dungeon seed: fq-tXWcsl97FyKgG Game ID: K2_1476114195 Your Inventory: Coins $ - 1135 gold pieces Weapons a - the blessed rustproof +2 Excalibur (weapon in hand) b - the uncursed rustproof +0 Mjollnir (alternate weapon; not wielded) Armor A - an uncursed +0 dwarvish cloak (being worn) B - an uncursed +0 scale mail (being worn) C - an uncursed +3 small shield (being worn) D - a blessed +2 orcish helm (being worn) F - an uncursed +0 pair of iron shoes (being worn) Comestibles c - 2 uncursed food rations h - an uncursed lizard corpse i - an uncursed K-ration Wands j - an uncursed wand of create monster (0:0) Tools k - an uncursed skeleton key l - an uncursed oil lamp (lit) (0:289) t - an uncursed towel u - an uncursed +0 unicorn horn v - an uncursed tinning kit (0:61) Gems x - 3 uncursed flint stones Spells and supernatural/magical abilities: Name Level Category Fail Memory u - confuse monster 2 enchantment 100% 73% W - pray for help -- divine ? -- Your skills at the end: Fighting Skills wands [Basic] Weapon Skills dagger [Basic] long sword [Expert] hammer [Basic] Spellcasting Skills Final Attributes: You were piously aligned. You were cold resistant. You were poison resistant. You were level-drain resistant. You were blinded. You were telepathic. You had automatic searching. You were stealthy. You were fast. You are dead. Vanquished creatures: an ice devil a giant mimic 9 water demons 2 small mimics a large cat an ochre jelly an elf mummy an ettin zombie a soldier a crocodile 3 wolves a winter wolf cub 2 lynxes a panther a giant spider a vampire bat a gnome king a dwarf mummy 2 ogres 3 brown puddings a gold golem a werewolf 2 lizards a housecat a dwarf lord 2 blue jellies 2 black unicorns a raven a snake 5 apes a rope golem 2 bugbears a wood nymph a mountain nymph 2 rock piercers a fog cloud 10 gnome lords 6 gnomish wizards 2 kobold mummies a black naga hatchling an elf zombie a ghoul 3 giant ants 2 floating eyes 2 dwarves a kobold shaman 8 rothes a rabid rat 2 giant bats 6 monkeys a wererat a werejackal an iguana 5 killer bees 2 acid blobs a hobbit 13 manes a large kobold 2 hobgoblins 5 giant rats a yellow mold a green mold 36 gnomes 5 garter snakes 2 geckos 4 jackals 2 foxes 2 kobolds 3 goblins 6 sewer rats 7 grid bugs 2 bats 4 lichens 2 kobold zombies 7 newts 222 creatures vanquished. Voluntary challenges: You had been an atheist until turn 2372. You used a wielded weapon 344 times, starting on turn 2. You read items or engraved 7 times, starting on turn 365. You never genocided any monsters. You never polymorphed an object. You never changed form. You used no wishes. You split 2 puddings, starting on turn 3701. You never wrote Elbereth's name. You never violated your personal moral code. You abstained from Elbereth's help. Dungeon overview: The Dungeons of Doom: levels 1 to 3 Level 1 a sink a long staircase Level 2 a general store Level 3 a sink stairs to The Gnomish Mines The Gnomish Mines: levels 4 to 8 Level 4 stairs to The Dungeons of Doom Level 5 Level 6 many shops, a temple to Tyr, some fountains, a sink Level 7 <- You were here Level 8 History has recorded: On T:1 you entered the Dungeons of Doom to retrieve the Amulet of Yendor! On T:122 you advanced to experience level 2. On T:491 you advanced to experience level 3. On T:507 you reached level 2 of The Dungeons of Doom. On T:925 you reached level 3 of The Dungeons of Doom. On T:1313 you advanced to experience level 4. On T:1419 you reached level 1 of The Gnomish Mines. On T:1586 you advanced to experience level 5. On T:1817 you reached level 2 of The Gnomish Mines. On T:2030 you advanced to experience level 6. On T:2277 you reached level 3 of The Gnomish Mines. On T:2743 you advanced to experience level 7. On T:3110 you advanced to experience level 8. On T:4286 you received Mjollnir from Tyr. On T:4353 you advanced to experience level 9. On T:4605 you reached level 5 of The Gnomish Mines. On T:4736 you reached level 4 of The Gnomish Mines. Score breakdown: Gold: 1135 (10393 points) Experience: 9 levels (15756 points) Exploration: 8 levels ( 16.33%) (11456 points) Discoveries: 21 items ( 8.47%) ( 8729 points) Valuables value: (no points given unless you survive) Artifact value: 8000 (13277 points) Variety of kills: 75 monsters ( 19.58%) (13275 points) Turncount: 6141 turns (-1658 points) Survival: died (score multiplied by 80%) Total score: 56982 Latest messages: You kill the winter wolf cub! There are several objects here. i - a K-ration. You hit the raven! The raven misses. (2x) You kill the raven! You kill the grid bug! j - a wand of create monster. $ - 161 gold pieces. There are several more objects here. There are several objects here. You sense a monster nearby! A snake was hidden under a raven corpse! The snake bites! The snake misses. You kill the snake! There are a few objects here. You kill the newt! You hear a nearby zap. The bolt of lightning hits you! You are blinded by the flash! You die... For some reason, you think that you can almost hear the Wizard laugh manically... Final status: Farvel K2 the Valkyrie, killed by a bolt of lightning... You died in The Gnomish Mines on dungeon level 7 with 56982 points, and 1135 pieces of gold, after 6141 moves. You were level 9 with a maximum of 83 hit points when you died.